 Dungeon Crawl Stone Soup version 0.28-a0-909-g796cbd3a86 (webtiles) character file.

Game seed: 8113764945501092181

38 pokeman the Magician (level 3, 0/20 HPs)
             Began as a Deep Elf Hedge Wizard on Nov 24, 2021.
             Succumbed to an adder's poison
             ... on level 2 of the Dungeon.
             The game lasted 00:02:01 (1477 turns).

pokeman the Magician (Deep Elf Hedge Wizard)        Turns: 1477, Time: 00:02:02

Health: 0/20       AC:  3    Str:  7    XL:     3   Next: 25%
Magic:  7/11       EV: 11    Int: 19    God:
Gold:   55         SH:  0    Dex: 14    Spells: 1/12 levels left

rFire   . . .      SeeInvis +   a - +1 short sword (speed)
rCold   + . .      Faith    .   (no shield)
rNeg    . . .      Spirit   .   f - +0 leather armour
rPois   .          Reflect  .   c - +0 hat
rElec   .          Harm     .   (no cloak)
rCorr   .          Rampage  .   (no gloves)
Will    .....                   (no boots)
Stlth   ++........              (no amulet)
HPRegen 0.06/turn               d - ring of see invisible
MPRegen 0.12/turn               i - ring of protection from cold

@: lethally poisoned (0 -> -8), invisible
A: no striking features
a: no special abilities


You were on level 2 of the Dungeon.
You visited 1 branch of the dungeon, and saw 2 of its levels.

You collected 55 gold pieces.

Inventory:

Hand Weapons
 a - a +1 short sword of speed (weapon)
Missiles
 b - 26 arrows
Armour
 c - a +0 hat (worn)
 f - a +0 leather armour (worn)
Jewellery
 d - a ring of see invisible (left hand)
 i - a ring of protection from cold (right hand)
Scrolls
 e - a scroll of brand weapon {unknown}
 h - a scroll of amnesia {unknown}
 j - a scroll of vulnerability {unknown}
 k - a scroll of enchant weapon {unknown}


   Skills:
 + Level 0.9 Fighting
 + Level 0.8 Armour
 - Level 2.4 Dodging
 - Level 2.4 Stealth
 * Level 5.1 Spellcasting
 + Level 1.8 Conjurations
 - Level 1.1 Summonings
 - Level 1.1 Translocations


You had one spell level left.
You knew the following spells:

 Your Spells              Type           Power      Damage    Failure   Level
a - Magic Dart            Conj           44%        1d5       9%          1
b - Mephitic Cloud        Conj/Pois/Air  7%         N/A       38%         3
c - Call Imp              Summ           9%         N/A       17%         2
d - Blink                 Tloc           18%        N/A       17%         2
e - Conjure Flame         Conj/Fire      8%         6-21      36%         3

Your spell library contained the following spells:

 Spells                   Type           Power      Damage    Failure   Level
 Slow                     Hex            16%        N/A       19%         1


Dungeon Overview and Level Annotations

Branches:
Dungeon (2/15)

Altars:


Message History

The adder bites you.
You are poisoned.
The adder poisons you!
Casting: Magic Dart (safe; 9% risk of failure)
Confirm with . or Enter, or press ? or * to list all spells.
Aiming: Magic Dart (safe; 9% risk of failure)
Press: ? - help, Shift-Dir - straight line, f/p - adder
Aim: an adder (heavily wounded, 100% to hit)
The magic dart hits the adder but does no damage.
The adder is heavily wounded.
You feel sick. The adder bites you.
You are more poisoned.
The adder poisons you!
Casting: Magic Dart (safe; 9% risk of failure)
Confirm with . or Enter, or press ? or * to list all spells.
Aiming: Magic Dart (safe; 9% risk of failure)
Press: ? - help, Shift-Dir - straight line, f/p - adder
Aim: an adder (heavily wounded, 100% to hit)
The magic dart hits the adder.
The adder is heavily wounded.
You feel sick. The adder bites you.
You are lethally poisoned!
The adder poisons you!
Casting: Magic Dart (safe; 9% risk of failure)
Confirm with . or Enter, or press ? or * to list all spells.
Aiming: Magic Dart (safe; 9% risk of failure)
Press: ? - help, Shift-Dir - straight line, f/p - adder
Aim: an adder (heavily wounded, 100% to hit)
The magic dart hits the adder.
You kill the adder!
* * * LOW HITPOINT WARNING * * *
You feel very sick.
It was a potion of invisibility.
You fade into invisibility!
* * * LOW HITPOINT WARNING * * *
You feel very sick.
There is a lethal amount of poison in your body!
* * * LOW HITPOINT WARNING * * *
You feel sick.
You die...

....# #.#
#.#.#.#
....# #.#
#.#...#
....# #.#
## #.##..#
....# #.#
.. #.....#
....# #.#
#. ####.##
#.#
#.####...#
#.#
#.#..#.###
#.#
#.#..#.#
#.@..#.#
###.##.#
#....#
######


There were no monsters in sight!

Vanquished Creatures
  An adder (D:2)
  4 bats (D:1)
  3 endoplasms (D:1)
  3 hobgoblins
  A quokka (D:1)
  3 ball pythons (D:1)
  A frilled lizard (D:1)
  5 goblins
  4 kobolds (D:1)
  3 rats
28 creatures vanquished.

Notes
Turn   | Place    | Note
-------+----------+-------------------------------------------
     0 | D:1      | pokeman the Deep Elf Hedge Wizard began the quest for the
                  | Orb.
     0 | D:1      | Reached XP level 1. HP: 10/10 MP: 7/7
   297 | D:1      | Reached XP level 2. HP: 16/16 MP: 4/9
  1216 | D:1      | Reached skill level 5 in Spellcasting
  1322 | D:2      | Reached XP level 3. HP: 20/20 MP: 3/11
  1326 | D:2      | Learned a level 3 spell: Mephitic Cloud
  1329 | D:2      | Learned a level 2 spell: Call Imp
  1332 | D:2      | Learned a level 2 spell: Blink
  1336 | D:2      | Learned a level 3 spell: Conjure Flame
  1477 | D:2      | Succumbed to an adder's poison

Illustrated notes

Levels and vault maps discovered:
D:1:      onia_arrival_mini_spirals, layout_basic,
          chequers_serial_rivers_micro_e
D:2:      layout_basic, basic_altar, st_stairs_10

Skill      XL: |  1  2 |
---------------+-------+-----
Spellcasting   | 5 |  5.1
Fighting       | |  0.9
Armour         | |  0.8
Dodging        | |  2.4
Stealth        | |  2.4
Conjurations   | |  1.8
Summonings     | |  1.1
Translocations | |  1.1

Action                   || total
-------------------------++-------
 Cast: Magic Dart        ||    60
  Use: Potion            ||     1
Armor: Leather armour    ||     4
Dodge: Dodged            ||    11

Table legend: (Time is in decaauts)
 A = Elapsed time spent in this place.
 B = Non-inter-level travel time spent in this place.
 C = Inter-level travel time spent in this place.
 D = Time resting spent in this place.
 E = Time spent auto-exploring this place.
 F = Levels seen in this place.
 G = Mean time per level.
                   A        B        C        D        E       F      G
               +--------+--------+--------+--------+--------+-----+--------+
         Total |   1475 |   1427 |     48 |     31 |   1217 |   2 |  737.5 |
       Dungeon |   1475 |   1427 |     48 |     31 |   1217 |   2 |  737.5 |
               +--------+--------+--------+--------+--------+-----+--------+

Top non-repeatable levels by time:
     D:1: 1249 daAuts
     D:2: 226 daAuts
